 Dungeon Crawl Stone Soup version 0.30-a0-900-g23479c02f2 (webtiles) character file.

Game seed: 15844466042511996315

17808 Rocko1345 the Fighter (level 12, -4/97 HPs)
             Began as a Human Fighter on Mar 18, 2023.
             Was the Champion of Okawaru.
             Killed from afar by an electric eel (13 damage)
             ... with a bolt of electricity
             ... on level 12 of the Dungeon.
             The game lasted 00:54:55 (14976 turns).

Rocko1345 the Fighter (Human Fighter)              Turns: 14976, Time: 00:54:56

Health: -4/97      AC: 23    Str: 18    XL:     12   Next: 87%
Magic:  12/12      EV:  4    Int:  9    God:    Okawaru [******]
Gold:   618        SH: 11    Dex: 16    Spells: 11/11 levels left

rFire   x . .      SeeInvis .    j - +6 war axe of the Lurker {heavy, rPois rF- Will+++ Stlth+}
rCold   + . .      Faith    .    H - +0 kite shield
rNeg    . . .      Spirit   .    R - +2 plate armour of the Grape {rC+ rCorr}
rPois   +          Reflect  .    v - +2 helmet "Innenobb" {Will+}
rElec   .          Rampage  .    d - +2 cloak
rCorr   +                        (no gloves)
Will    ++++.                    K - +0 pair of boots Stlth
                                 N - amulet of magic regeneration
HPRegen 0.36/turn                (no ring)
MPRegen 0.53/turn                (no ring)

@: no status effects
A: no striking features
a: Renounce Religion, Heroism, Finesse, Duel


You were on level 12 of the Dungeon.
You worshipped Okawaru.
Okawaru was exalted by your worship.
You visited 2 branches of the dungeon, and saw 13 of its levels.

You collected 825 gold pieces.
You spent 207 gold pieces at shops.

Inventory:

Hand Weapons
 j - the +6 war axe of the Lurker (weapon) {heavy, rPois rF- Will+++ Stlth+}
   (Okawaru gifted it to you on level 9 of the Dungeon)

   rF:        It makes you vulnerable to fire.
   rPois:     It protects you from poison.
   Will:      It greatly increases your willpower.
   Stlth:     It makes you more stealthy.
 r - a +3 sling
 t - a +3 quarterstaff of chaos
 A - the +6 hand axe of the Summoning Gods {freeze, rPois}
   (You found it on level 4 of the Dungeon)

   rPois:     It protects you from poison.
 D - the +1 falchion of Glory {distort, rF++ rCorr Int+3 Dex-2}
   (You found it on level 8 of the Dungeon)

   Int:       It affects your intelligence (+3).
   Dex:       It affects your dexterity (-2).
   rF:        It greatly protects you from fire.
   rCorr:     It protects you from acid and corrosion.
 I - a +5 whip of venom
 O - a +3 great sword
Missiles
 k - 3 atropa-tipped darts
 B - 2 boomerangs
 C - 21 poisoned darts (quivered)
 V - 3 javelins
Armour
 d - a +2 cloak (worn)
 h - a +3 leather armour of fire resistance
 v - the +2 helmet "Innenobb" (worn) {Will+}
   (You acquired it on level 9 of the Dungeon)

   Will:      It increases your willpower.
 H - a +0 kite shield (worn)
 K - a +0 pair of boots (worn)
 R - the +2 plate armour of the Grape (worn) {rC+ rCorr}
   (Okawaru gifted it to you on level 11 of the Dungeon)

   rC:        It protects you from cold.
   rCorr:     It protects you from acid and corrosion.
Jewellery
 a - a ring of protection from cold
 N - an amulet of magic regeneration (around neck)
Wands
 s - a wand of flame (43)
 G - a wand of iceblast (16)
 M - a wand of light (9)
 P - a wand of mindburst (8)
 S - a wand of polymorph (14)
 W - a wand of paralysis (2)
Scrolls
 b - a scroll of identify
 e - 2 scrolls of poison
 l - a scroll of amnesia
 o - 2 scrolls of summoning
 p - 6 scrolls of teleportation
 u - 2 scrolls of blinking
 w - 2 scrolls of vulnerability
 x - 3 scrolls of magic mapping
 F - 2 scrolls of enchant weapon
 T - a scroll of fog
 Y - 2 scrolls of fear
Potions
 c - a potion of berserk rage {unknown}
 m - 3 potions of brilliance
 z - a potion of might
 E - a potion of mutation {unknown}
 Q - a potion of cancellation {unknown}
 U - 2 potions of haste
 Z - a potion of magic {unknown}
Miscellaneous
 X - a piece from Xom's chessboard (15/15)


   Skills:
 - Level 10.0 Fighting
 - Level 3.8 Long Blades
 + Level 9.9 Axes
 + Level 9.3 Throwing
 - Level 8.0 Armour
 + Level 9.5 Shields


You had 11 spell levels left.
You didn't know any spells.
Your spell library contained the following spells:

 Spells                   Type           Power      Damage    Failure   Level
 Ensorcelled Hibernation  Hex/Ice        0%         N/A       100%        2
 Dazzling Flash           Conj/Hex       0%         N/A       100%        3
 Spider Form              Tmut/Pois      0%         N/A       100%        3
 Anguish                  Hex/Necr       0%         N/A       100%        4
 Dispel Undead            Necr           0%         3d6       100%        4
 Passage of Golubria      Tloc           0%         N/A       100%        4
 Agony                    Necr           0%         N/A       100%        5
 Silence                  Hex/Air        0%         N/A       100%        5
 Yara's Violent Unravell  Hex/Tmut       0%         3d3       100%        5
 Tukima's Dance           Hex            Unusable   N/A       N/A         3
 Animate Armour           Summ/Erth      Unusable   N/A       N/A         4

Dungeon Overview and Level Annotations

Branches:
Dungeon (12/15)            Temple (1/1) D:4            Lair (0/5) D:9
    Orc (0/2) D:11

Altars:
Ashenzari
Cheibriados
Dithmenos
Elyvilon
Fedhas
Gozag
Hepliaklqana
Kikubaaqudgha
Makhleb
Nemelex Xobeh
Okawaru
Qazlal
Ru
Sif Muna
Trog
Uskayaw
Vehumet
Wu Jian
Xom
Yredelemnul
Zin
The Shining One
Ignis

Shops:
D:6 [(*((


Message History

An electric eel comes into view.
The slime creature hits you. You block the slime creature's attack.
The electric eel moves out of view.
The slime creature hits you but does no damage. x2
The electric eel shoots out a bolt of lightning at you!
The bolt of electricity hits you.
You slice the slime creature!!
You kill the slime creature!
Okawaru accepts your kill.
You barely miss the slime creature.
The slime creature hits you but does no damage.
The slime creature hits you.
You slice the slime creature!!
The slime creature is almost dead.
The slime creature hits you.
The electric eel shoots out a bolt of lightning at you!
The bolt of electricity hits you.
* * * LOW HITPOINT WARNING * * *
The slime creature hits you.
* * * LOW HITPOINT WARNING * * *
You hit the slime creature.
The slime creature is almost dead.
The electric eel shoots out a bolt of lightning at you!
The bolt of electricity hits you!
* * * LOW HITPOINT WARNING * * *
The slime creature completely misses you.
The electric eel shoots out a bolt of lightning at you!
The bolt of electricity hits you!
* * * LOW HITPOINT WARNING * * *
You hear a shout!
The slime creature attacks as you move away!
The slime creature hits you but does no damage.
The electric eel shoots out a bolt of lightning at you!
The bolt of electricity hits you.
* * * LOW HITPOINT WARNING * * *
The slime creature attacks as you move away!
You block the slime creature's attack.
The electric eel shoots out a bolt of lightning at you!
The bolt of electricity hits you!
You die...

##
###...'..#...#.##.......
#####..#...#S##.[../..
####.....#.y..yW.... ###
..##....#JJ.yJy.... ..##
#.#.....#...OW##### #..#
#.#.#...#)##### ##.#
######<..##'##.#### #..#
≈.~.~.~.~.~.~...~.~ ..##
.~.~.~.@J~...~^~.~. ###
~.~.~.~...~.~..(~.~ #
.~.~.~.~.....≈.~.~.
............~...≈.~
.~.≈.~.≈.S...≈.~.~.
~.≈.~.~.~.~........
.~.~.~.S.~../~.~.~.
~.~.~.~.~.~...~.~.~
≈.~.≈.≈.~.~..>....


You could see a slime creature and 2 electric eels.

Vanquished Creatures
  A centaur warrior (D:10)
  A boulder beetle (D:12)
  4 two-headed ogres
  An ugly thing (D:11)
  A cyclops (D:11)
  3 gargoyles
  A komodo dragon (D:12)
  A kobold demonologist (D:11)
  3 trolls
  A hornet (D:9)
  5 slime creatures (D:12)
  2 shadows
  2 wyverns
  A vampire (D:10)
  5 wraiths
  14 yaks
  A steam dragon (D:8)
  5 vampire mosquitoes (D:12)
  2 wargs (D:9)
  3 acid dragons
  3 water moccasins
  10 orc warriors
  4 sky beasts
  2 ice beasts (D:7)
  A black bear (D:7)
  3 ogres
  6 centaurs
  A kobold brigand (D:9)
  2 phantoms (D:6)
  3 bullfrogs
  2 gnoll sergeants
  2 scorpions (D:5)
  4 wights (D:9)
  5 killer bees (D:8)
  3 howler monkeys
  2 electric eels (D:12)
  Crazy Yiuf (D:2)
  A gnoll bouda (D:4)
  12 orc priests
  4 hounds
  5 jellies
  9 iguanas
  Natasha (thrice) (D:3)
  17 orc wizards
  Terence (D:2)
  18 gnolls
  7 adders
  A shadow imp (D:5)
  2 white imps
  3 ufetubi
  2 worms
  5 dart slugs
  50 orcs
  4 ball pythons
  6 endoplasms
  9 giant cockroaches
  7 goblins
  10 hobgoblins
  8 jackals
  4 quokkas
  8 bats
  2 frilled lizards (D:1)
  14 kobolds
  6 rats
329 creatures vanquished.

Vanquished Creatures (others)
  2 fungi (D:2)
  8 plants
10 creatures vanquished.

Grand Total: 339 creatures vanquished

Notes
Turn   | Place    | Note
-------+----------+-------------------------------------------
     0 | D:1      | Rocko1345 the Human Fighter began the quest for the Orb.
     0 | D:1      | Reached XP level 1. HP: 18/18 MP: 1/1
   204 | D:1      | Reached XP level 2. HP: 16/24 MP: 2/2
   298 | D:1      | Found a faded altar of an unknown god.
   523 | D:1      | Reached XP level 3. HP: 16/29 MP: 3/3
  1236 | D:2      | Noticed Terence
  1255 | D:2      | Killed Terence
  1256 | D:2      | Reached XP level 4. HP: 22/35 MP: 4/4
  1698 | D:2      | Reached XP level 5. HP: 42/42 MP: 5/5
  1806 | D:2      | Found a runed translucent door.
  1807 | D:2      | Noticed Crazy Yiuf
  1909 | D:2      | You fall into a shaft and drop 1 floor!
  1941 | D:3      | Noticed Natasha
  1974 | D:3      | Killed Natasha
  2303 | D:2      | Killed Crazy Yiuf
  2663 | D:3      | Reached skill level 1 in Throwing
  2823 | D:3      | HP: 2/42 [orc priest/nerve-wracking pain (4)]
  2828 | D:3      | HP: 2/42 [orc priest/+0 hand axe (1)]
  2837 | D:3      | Reached skill level 4 in Fighting
  2837 | D:3      | Reached XP level 6. HP: 17/48 MP: 6/6
  2908 | D:3      | Noticed Natasha
  2980 | D:3      | Killed Natasha
  3102 | D:3      | Noticed Natasha
  3116 | D:3      | Killed Natasha
  4007 | D:4      | Found a sparkling altar of Nemelex Xobeh.
  4016 | D:4      | Found a snail-covered altar of Cheibriados.
  4095 | D:4      | Reached XP level 7. HP: 54/54 MP: 7/7
  4114 | D:4      | Identified the +6 hand axe of the Summoning Gods {freeze,
                  | rPois}
  4465 | D:4      | Found a blossoming altar of Fedhas.
  4797 | D:4      | Found a staircase to the Ecumenical Temple.
  4808 | Temple   | Entered the Ecumenical Temple
  4877 | Temple   | Became a worshipper of Warmaster Okawaru
  4959 | D:5      | Entered Level 5 of the Dungeon
  5056 | D:5      | Found a glowing silver altar of Zin.
  5056 | D:5      | Found a glowing golden altar of the Shining One.
  5061 | D:5      | Found a broken altar of Ashenzari.
  5063 | D:5      | Found a shimmering altar of Xom.
  5339 | D:5      | Reached skill level 1 in Axes
  5339 | D:5      | Reached XP level 8. HP: 52/61 MP: 8/8
  5427 | D:5      | Reached skill level 5 in Fighting
  5427 | D:5      | Reached skill level 5 in Armour
  5427 | D:5      | Reached skill level 5 in Shields
  5632 | D:5      | Reached * piety under Okawaru
  6132 | D:5      | HP: 3/63 [iguana (8)]
  6735 | D:6      | Reached ** piety under Okawaru
  6958 | D:6      | Found Xocenk's General Store.
  7098 | D:6      | Found Gargheop's Weapon Boutique.
  7159 | D:6      | Reached skill level 6 in Fighting
  7159 | D:6      | Reached XP level 9. HP: 52/69 MP: 9/9
  7234 | D:6      | Found Guar's Weapon Emporium.
  7291 | D:6      | Reached skill level 5 in Throwing
  7619 | D:6      | Reached skill level 5 in Axes
  7704 | D:6      | Reached skill level 7 in Fighting
  7724 | D:6      | Found Vaozxeaq's Armour Shop.
  7727 | D:6      | Bought a +0 kite shield for 58 gold pieces
  7727 | D:6      | Bought a +0 pair of boots for 58 gold pieces
  7755 | D:6      | Found Vuxzadgh's Weapon Emporium.
  7764 | D:6      | Bought a +0 great sword for 91 gold pieces
  8164 | D:6      | Reached *** piety under Okawaru
  8428 | D:7      | Reached XP level 10. HP: 26/80 MP: 10/10
  9157 | D:8      | Reached skill level 8 in Fighting
  9433 | D:8      | Reached **** piety under Okawaru
  9448 | D:8      | Identified the +1 falchion of Glory {distort, rF++ rCorr
                  | Int+3 Dex-2}
  9876 | D:8      | Found an ornate altar of the Wu Jian Council.
 10189 | D:8      | Reached ***** piety under Okawaru
 10212 | D:8      | Reached XP level 11. HP: 77/87 MP: 11/11
 10533 | D:8      | Noticed a two-headed ogre
 10553 | D:8      | Killed a two-headed ogre
 10877 | D:9      | Reached skill level 9 in Fighting
 10892 | D:9      | Identified the +6 war axe of the Lurker {heavy, rPois rF-
                  | Will+++ Stlth+} (Okawaru gifted it to you on level 9 of the
                  | Dungeon)
 10892 | D:9      | Received a gift from Okawaru
 10893 | D:9      | Found a staircase to the Lair.
 10926 | D:9      | Paralysed by a hornet for 1 turns
 11145 | D:9      | Identified a scroll of acquirement
 11145 | D:9      | Acquired the +2 helmet "Innenobb" {Will+}
 11754 | D:9      | Found a hide-covered altar of Uskayaw.
 11981 | D:10     | Entered Level 10 of the Dungeon
 11988 | D:10     | Noticed a centaur warrior
 12181 | D:10     | Killed a centaur warrior
 12361 | D:10     | Received a gift from Okawaru
 12510 | D:10     | Noticed a two-headed ogre
 12519 | D:10     | Killed a two-headed ogre
 12559 | D:10     | Found a hazy altar of Hepliaklqana.
 12707 | D:10     | Got Nekhloo's Tractate on Telluric Skeletons
 13036 | D:11     | Noticed a two-headed ogre
 13044 | D:11     | Killed a two-headed ogre
 13117 | D:11     | Noticed a cyclops
 13132 | D:11     | Killed a cyclops
 13132 | D:11     | Identified the +2 plate armour of the Grape {rC+ rCorr}
                  | (Okawaru gifted it to you on level 11 of the Dungeon)
 13132 | D:11     | Received a gift from Okawaru
 13133 | D:11     | Reached XP level 12. HP: 97/97 MP: 12/12
 13495 | D:11     | Found a staircase to the Orcish Mines.
 13644 | D:11     | Reached skill level 10 in Fighting
 14265 | D:12     | Noticed a boulder beetle
 14279 | D:12     | Killed a boulder beetle
 14383 | D:12     | Noticed a two-headed ogre
 14680 | D:12     | Killed a two-headed ogre
 14688 | D:12     | HP: 3/97 [gargoyle/+0 mace (4)]
 14972 | D:12     | Reached ****** piety under Okawaru
 14976 | D:12     | Killed from afar by an electric eel

Illustrated notes

Levels and vault maps discovered:
D:1:      spicycebolla_green_bress_n_ham, layout_basic, serial_forest,
          infiniplex_forest_lined_room_, infiniplex_forest_clump_double,
          infiniplex_forest_lined_room_, infiniplex_forest_end_3,
          ebering_ecumenical_altar_box
D:2:      layout_loops_ring, uniq_crazy_yiuf_cottage, uniq_terence
D:3:      layout_basic, uniq_natasha
D:4:      layout_basic, kennysheep_mini_moat,
          mainiacjoe_overflow_large_starburst, minmay_temple_entry_nine_rooms,
          kennysheep_generic_room_6
D:5:      minmay_diamond_boxcup, layout_cave_pods, grunt_temple_overflow_open
D:6:      layout_loops_cross, serial_shops, nicolae_shop_bloodbath_and_beyond,
          kennysheep_mini, nicolae_shop_hallway_plus, shop, shop,
          minmay_pentangle
D:7:      layout_rooms, hangedman_abyss_or_decor_lesser_grid,
          kennysheep_generic_room_4
D:8:      layout_loops_corners, mainiacjoe_overflow_24_doors,
          minmay_misc_feat_tower, grunt_ministairs_1
D:9:      minmay_goldmine, layout_rooms, nicolae_uskayaw_dance_studio,
          erik_lair_orcish_takeover
D:10:     layout_long_grid, nicolae_hepliaklqana_hazy_memory
D:11:     layout_rooms, minmay_orc_entry_temple_small
D:12:     nrook_guardian_serpent_snake_passage, layout_basic
Temple:   ebering_untended_altars

Skill      XL: |  1  2  3  4  5  6  7  8  9 10 11 12 |
---------------+-------------------------------------+-----
Long Blades    | 3 |  3.8
Throwing       | 1 2 4 5 6 7 9 |  9.3
Fighting       | 4 6 7 8 9 10 | 10.0
Armour         | 4 5 6 8 |  8.0
Shields        | 4 5 6 8 9 |  9.5
Axes           | 1 3 6 7 8 9 |  9.9

Action                     |  1- 3 |  4- 6 |  7- 9 | 10-12 || total
---------------------------+-------+-------+-------+-------++-------
  Melee: Long sword        |   101 |   270 |     9 |       ||   380
         Hand axe          |       |       |   262 |   203 ||   465
         Great sword       |       |       |    23 |       ||    23
         War axe           |       |       |       |   235 ||   235
  Throw: Dart              |     4 |       |     3 |     9 ||    16
         Javelin           |       |    11 |    19 |     8 ||    38
         Boomerang         |       |       |       |    35 ||    35
 Invoke: Heroism           |       |       |       |     1 ||     1
  Evoke: Wand              |       |       |       |     7 ||     7
    Use: Potion            |       |     4 |     5 |     6 ||    15
         Scroll            |       |     3 |    10 |     7 ||    20
   Stab: Invisible         |       |       |     1 |     1 ||     2
         Paralysed         |       |       |       |     5 ||     5
 Armour: Chain mail        |    70 |   154 |       |       ||   224
         Plate armour      |       |    34 |   255 |   308 ||   597
  Dodge: Dodged            |    32 |    85 |    63 |    78 ||   258
  Block: Buckler           |    20 |    63 |    49 |       ||   132
         Kite shield       |       |       |    37 |   277 ||   314

Table legend: (Time is in decaauts)
 A = Elapsed time spent in this place.
 B = Non-inter-level travel time spent in this place.
 C = Inter-level travel time spent in this place.
 D = Time resting spent in this place.
 E = Time spent auto-exploring this place.
 F = Levels seen in this place.
 G = Mean time per level.
                   A        B        C        D        E       F      G
               +--------+--------+--------+--------+--------+-----+--------+
         Total |  15333 |  14998 |    335 |   4017 |   6877 |  13 | 1179.5 |
       Dungeon |  15248 |  14913 |    335 |   4017 |   6877 |  12 | 1270.7 |
        Temple |     84 |     84 |      0 |      0 |      0 |   1 |   84.0 |
               +--------+--------+--------+--------+--------+-----+--------+

Top non-repeatable levels by time:
     D:8: 1768 daAuts
     D:5: 1713 daAuts
     D:6: 1589 daAuts
     D:3: 1483 daAuts
     D:9: 1364 daAuts
     D:2: 1231 daAuts
     D:1: 1175 daAuts
     D:4: 1174 daAuts
    D:10: 1095 daAuts
    D:12: 968 daAuts
    D:11: 875 daAuts
     D:7: 807 daAuts
  Temple: 84 daAuts
